Map: Orbital Shipyard

Players

loppelo

  • Race: Terran Terran
  • League: Master

Miszu - Winner!

  • Race: Terran Terran
  • League: Master

VOD

Have the link to the VOD?

Description

Time

  • Played on: Feb. 6, 2016, 6:29 p.m.
  • Length: 6:41
Show
View Real Time Build Order
Export as new Build Order

loppelo Terran 

Build Orders: Reaper Expand 

Get SALT Encoding   

  12  0:01  SCV  
  13  0:13  SCV  
  14  0:18  Supply Depot  
  14  0:25  SCV  
  15  0:40  SCV  
  15  0:42  Barracks  
  16  0:46  Refinery  
  16  0:52  SCV  
  17  1:04  SCV  
  18  1:16  SCV  
  19  1:29  Orbital Command  
  19  1:30  Reaper  
  20  1:44  Command Center  
  20  1:54  SCV  
  20  1:57  Supply Depot  
  21  2:02  Barracks Reactor  
  21  2:06  SCV  
  22  2:18  SCV  
  22  2:21  Refinery  
  23  2:24  Factory  
  23  2:30  SCV  
  24  2:38  Marine x2  
  24  2:43  SCV  
  27  2:55  SCV  
  27  2:57  Marine x2  
  30  3:02  Orbital Command  
  30  3:07  SCV  
  30  3:11  Engineering Bay, Factory Tech Lab  
  30  3:12  Starport  
  31  3:19  SCV  
  32  3:22  Marine  
  32  3:23  Marine  
  34  3:31  Cyclone, SCV  
  34  3:33  SCV  
  39  3:36  Supply Depot  
  39  3:40  Marine  
  40  3:43  SCV  
  40  3:44  Marine  
  40  3:45  SCV  
  43  3:55  SCV  
  38  3:58  SCV  
  37  4:07  SCV  
  38  4:10  SCV  
  38  4:11  Marine  
  38  4:13  Marine  
  38  4:15  Siege Tank  
  44  4:19  SCV  
  44  4:22  SCV  
  40  4:31  SCV  
  40  4:34  SCV  
  33  4:44  Marine x2, SCV  
  26  4:46  SCV  
  23  4:53  Viking  
  23  4:56  SCV  
  23  4:58  SCV  
  27  5:02  Marine  
  27  5:05  Marine  
  29  5:08  SCV  
  29  5:10  SCV  
  30  5:20  Marine, SCV  
  23  5:22  SCV  
  23  5:23  Marine  
  22  5:32  SCV  
  22  5:34  SCV  
  24  5:38  Marine  
  24  5:41  Marine  
  26  5:44  SCV  
  26  5:46  SCV  
  26  5:47  Viking  
  30  5:55  Marine  
  30  5:56  SCV  
  32  5:59  Supply Depot, Marine, SCV  
  34  6:08  SCV  
  34  6:10  Barracks  
  34  6:11  SCV  
  36  6:12  Barracks  
  36  6:13  Marine  
  36  6:17  Marine  
  38  6:20  SCV  
  38  6:23  SCV  
Show
View Real Time Build Order
Export as new Build Order

Miszu Terran - Winner!

Build Orders: 1/1/1 

Get SALT Encoding   

  12  0:00  SCV  
  13  0:13  SCV  
  14  0:17  Supply Depot  
  14  0:25  SCV  
  14  0:28  Refinery  
  15  0:39  SCV  
  16  0:45  Barracks  
  16  0:51  SCV  
  17  1:03  SCV  
  18  1:16  SCV  
  19  1:32  Marine, Orbital Command  
  20  1:35  Factory  
  20  1:42  Supply Depot  
  20  1:51  Barracks Reactor  
  20  1:57  SCV  
  21  2:09  SCV  
  22  2:18  Hellion  
  22  2:21  Supply Depot  
  24  2:24  Starport  
  24  2:26  SCV  
  24  2:27  Marine x2  
  26  2:40  Hellion, SCV  
  28  2:44  Marine x2  
  30  2:58  SCV  
  30  3:01  Medivac  
  30  3:02  Marine x2  
  35  3:11  Supply Depot  
  37  3:13  Hellion  
  37  3:17  SCV  
  37  3:20  Marine x2  
  39  3:30  Supply Depot  
  39  3:38  Marine x2  
  39  3:40  Medivac  
  39  3:41  Hellion  
  45  3:56  Marine x2  
  46  4:02  SCV  
  46  4:09  Hellion  
  48  4:11  Viking  
  48  4:13  Marine  
  48  4:14  Marine  
  52  4:21  Command Center  
  46  4:31  Marine  
  46  4:42  Marine  
  47  4:47  Hellion  
  47  4:49  Marine  
  48  4:59  SCV  
  49  5:00  Marine  
  50  5:07  Marine  
  51  5:18  Marine  
  44  5:25  Viking, Marine, Hellion  
  42  5:30  SCV  
  43  5:35  Marine  
  43  5:39  Barracks  
  43  5:42  SCV, Orbital Command  
  45  5:51  Marine, Factory Tech Lab  
  45  5:55  Medivac, SCV  
  49  6:08  SCV  
  50  6:15  Marine x2  
  50  6:16  Hellion  
  50  6:17  SCV  
Tags
 
Add a new tag
Caveats
  • Supply blocks, unpowered buildings, or Contaminate may cause inaccurate times.
  • Supply counts are checked every 10 seconds.